 Dungeon Crawl Stone Soup version 0.23.0-33-g5e6c059 (webtiles) character file.

Game seed: 3869418206069909555

2963 zedzed the Cleaver (level 9, -16/79 HPs)
             Began as a Minotaur Fighter on Feb 26, 2019.
             Was an Initiate of Okawaru.
             Demolished by a white ugly thing (30 damage)
             ... on level 7 of the Dungeon.
             The game lasted 00:25:32 (6064 turns).

zedzed the Cleaver (Minotaur Fighter)               Turns: 6064, Time: 00:25:32

Health: -16/79     AC:  8    Str: 25    XL:     9   Next: 52%
Magic:  8/8        EV:  8    Int:  5    God:    Okawaru [......]
Gold:   321        SH: 11    Dex:  9    Spells: 8/8 levels left

rFire    . . .     SeeInvis .   a - +0 war axe
rCold    . . .     Gourm    .   c - +0 shield
rNeg     . . .     Faith    .   b - +0 scale mail
rPois    .         Spirit   .   (helmet restricted)
rElec    .         Reflect  .   (no cloak)
rCorr    +         Harm     .   (no gloves)
MR       .....                  (no boots)
Stlth    ..........             (no amulet)
HPRegen  0.23/turn              t - ring of resist corrosion
MPRegen  0.11/turn              (no ring)

@: no status effects
A: retaliatory headbutt, horns 2
a: Renounce Religion


You were on level 7 of the Dungeon.
You worshipped Okawaru.
Okawaru was noncommittal.
You were hungry.

You visited 1 branch of the dungeon, and saw 7 of its levels.

You collected 321 gold pieces.

Inventory:

Hand Weapons
 a - a +0 war axe (weapon)
 v - a +0 broad axe
Missiles
 k - a throwing net (quivered)
Armour
 b - a +0 scale mail (worn)
 c - a +0 shield (worn)
Jewellery
 t - a ring of resist corrosion (left hand)
Wands
 n - a wand of random effects (18)
Scrolls
 e - 2 scrolls of remove curse
 g - a scroll of identify
 h - 4 scrolls of teleportation {unknown}
 j - a scroll of magic mapping {unknown}
 l - a scroll of enchant weapon {unknown}
 r - a scroll of amnesia {unknown}
 s - a scroll of immolation {unknown}
 w - a scroll of blinking {unknown}
Potions
 d - 3 potions of might
 i - 2 potions of brilliance {unknown}
 m - a potion of haste {unknown}
 o - a potion of ambrosia {unknown}
 p - a potion of curing {unknown}
 q - 2 potions of mutation {unknown}
 x - 2 potions of cancellation {unknown}
Comestibles
 f - 9 rations


   Skills:
 - Level 7.3 Fighting
 - Level 9.3 Axes
 * Level 9.0 Armour
 * Level 9.0 Shields


You had 8 spell levels left.
You didn't know any spells.
Your spell library contained the following spells:

 Spells                   Type           Power        Failure   Level  Hunger
 Pain                     Necr           #...         94%         1    ##.....
 Shock                    Conj/Air       #...         94%         1    ##.....
 Swiftness                Chrm/Air       #.......     98%         2    ###....
 Static Discharge         Conj/Air       #.......     100%        3    ####...
 Airstrike                Air            #.........   100%        4    #####..
 Lightning Bolt           Conj/Air       #.........   100%        5    ######.


Dungeon Overview and Level Annotations

Branches:
Dungeon (7/15)             Temple (0/1) D:7

Altars:
Cheibriados
Hepliaklqana
Kikubaaqudgha
Makhleb
Nemelex Xobeh
Okawaru
Ru
Sif Muna
Uskayaw
Vehumet
Xom

Annotations:
D:7 exclusion: oklob sapling


Innate Abilities, Weirdness & Mutations

You reflexively headbutt those who attack you in melee.
You have a pair of horns on your head.


Message History

A hound, a worker ant, an ugly thing, an orc and a deep elf mage come into view.
The deep elf mage is wielding a +1 long sword of holy wrath.
The white ugly thing gurgles horribly!
The deep elf mage shouts!
The worker ant twitches its antennae in your direction.
Found 20 gold pieces, a ration, a glowing short sword and a silver wand.
You slash the white ugly thing!
The white ugly thing is lightly wounded.
The white ugly thing engulfs you. The white ugly thing freezes you!!
* * * LOW HITPOINT WARNING * * *
The white ugly thing engulfs you but does no damage.
The deep elf mage mumbles some strange words.
The deep elf mage blinks!
The deep elf mage casts a spell.
The deep elf mage blinks!
There is an open door here.
You see here a killer bee corpse.
The white ugly thing engulfs you!
* * * LOW HITPOINT WARNING * * *
The white ugly thing freezes you!!
You die...

###.# # # # #
####.### #
##.##...####
#####...###.@uh###
.........##.##...###
####...###.#......#
##.####...###†.#
#..#...###..#.#
###....####...#.#
##....#####.h.##.#
###
##..#######...###..
..####..###.h..a..##
#...


You could see a white ugly thing and a hound.

Vanquished Creatures
  The ghost of ohad the Insei, an amateur OpTm (D:4)
  Sigmund (D:2)
  2 humans (D:7)
  The ghost of Lanoc the Chopper, an amateur DsGl of Makhleb (D:4)
  A black bear (D:5)
  An orc warrior (D:7)
  A sky beast (D:6)
  4 ice beasts
  The ghost of Semilg the Digger, an amateur TrEE of Sif Muna (D:4)
  A phantom (D:6)
  2 ogres (D:7)
  2 bullfrogs (D:6)
  A killer bee (D:7)
  2 crimson imps
  4 hounds
  A bullfrog skeleton (D:7)
  3 jellies (D:6)
  2 orc priests
  An iguana (D:4)
  6 orc wizards
  8 worker ants
  A killer bee zombie (D:5)
  A hound skeleton (D:5)
  A worker ant zombie (D:5)
  3 gnolls (D:3)
  11 adders
  A shadow imp (D:5)
  4 oozes
  5 worms
  6 dart slugs
  2 leopard geckos (D:5)
  8 orcs
  11 bats
  5 giant cockroaches
  9 goblins
  7 hobgoblins
  7 jackals
  2 quokkas (D:5)
  2 ball pythons
  5 frilled lizards
  A giant cockroach zombie (D:6)
  7 kobolds
  10 rats
155 creatures vanquished.

Notes
Turn   | Place    | Note
-------+----------+-------------------------------------------
     0 | D:1      | zedzed the Minotaur Fighter began the quest for the Orb.
     0 | D:1      | Reached XP level 1. HP: 19/19 MP: 0/0
   125 | D:1      | Reached XP level 2. HP: 27/27 MP: 1/1
   853 | D:1      | Reached XP level 3. HP: 33/33 MP: 2/2
  1343 | D:2      | Noticed Sigmund
  1352 | D:2      | Killed Sigmund
  1352 | D:2      | Reached skill level 5 in Fighting
  1352 | D:2      | Reached XP level 4. HP: 26/42 MP: 3/3
  1352 | D:2      | Reached XP level 5. HP: 30/48 MP: 4/4
  1356 | D:2      | Found a faded altar of an unknown god.
  1806 | D:3      | Reached XP level 6. HP: 55/56 MP: 5/5
  2100 | D:3      | Found a sparkling altar of Nemelex Xobeh.
  2274 | D:3      | Found a radiant altar of Vehumet.
  2287 | D:3      | Found an ancient bone altar of Kikubaaqudgha.
  2288 | D:3      | Found a deep blue altar of Sif Muna.
  2293 | D:3      | Identified Kikubaaqudgha's Papyrus of Necromancy
  2673 | D:4      | Reached XP level 7. HP: 49/63 MP: 6/6
  2759 | D:4      | Found a runed translucent gate.
  2767 | D:4      | Found a runed translucent gate.
  2768 | D:4      | Found a runed translucent gate.
  2784 | D:4      | Noticed ohad's ghost (amateur OpTm)
  2784 | D:4      | Noticed Semilg's ghost (amateur TrEE)
  2784 | D:4      | Noticed Lanoc's ghost (amateur DsGl)
  2862 | D:4      | Killed ohad's ghost
  2868 | D:4      | Killed Lanoc's ghost
  2875 | D:4      | Killed Semilg's ghost
  3098 | D:4      | Reached XP level 8. HP: 66/73 MP: 7/7
  3189 | D:4      | Found a snail-covered altar of Cheibriados.
  3453 | D:5      | Entered Level 5 of the Dungeon
  3646 | D:5      | Reached skill level 5 in Shields
  3676 | D:5      | Reached skill level 5 in Armour
  3692 | D:5      | Found a hide-covered altar of Uskayaw.
  3693 | D:5      | Noticed a +0 dagger
  3693 | D:5      | Noticed a +0 hand axe
  4705 | D:6      | Found a hazy altar of Hepliaklqana.
  4867 | D:6      | Reached XP level 9. HP: 78/79 MP: 8/8
  5223 | D:7      | Found a sacrificial altar of Ru.
  5613 | D:7      | Found an iron altar of Okawaru.
  5639 | D:7      | Became a worshipper of Warmaster Okawaru
  5681 | D:7      | Found a shimmering altar of Xom.
  5743 | D:7      | Found a burning altar of Makhleb.
  5887 | D:7      | Found a staircase to the Ecumenical Temple.
  6047 | D:7      | Noticed a white ugly thing
  6047 | D:7      | Noticed a deep elf mage
  6064 | D:7      | Demolished by a white ugly thing

Skill      XL: |  1  2  3  4  5  6  7  8  9 |
---------------+----------------------------+-----
Axes           | 3 6 7 9 |  9.3
Fighting       | 4 5 6 7 |  7.3
Armour         | 7 9 |  9.0
Shields        | 7 9 |  9.0

Action                   |  1- 3 |  4- 6 |  7- 9 || total
-------------------------+-------+-------+-------++-------
Melee: War axe           |    88 |   128 |   262 ||   478
       Headbutt          |    15 |    18 |    38 ||    71
  Use: Scroll            |       |       |     4 ||     4
  Eat: Chunk             |     1 |     5 |     7 ||    13
       Ration            |       |       |     1 ||     1
Armor: Scale mail        |    41 |    24 |    82 ||   147
Dodge: Dodged            |    29 |    37 |    55 ||   121
Block: Shield            |    50 |    54 |   117 ||   221
